 Dungeon Crawl Stone Soup version 0.28-a0-1404-g4df0f3684d (webtiles) character file.

Game seed: 13806209023341462114

160 porpoise the Skirmisher (level 5, -2/43 HPs)
             Began as a Demonspawn Warper on Jan 6, 2022.
             Slain by a gnoll (3 damage)
             ... on level 4 of the Dungeon.
             The game lasted 00:08:58 (4338 turns).

porpoise the Skirmisher (Demonspawn Warper)         Turns: 4338, Time: 00:08:58

Health: -2/43      AC:  8    Str: 14    XL:     5   Next: 17%
Magic:  8/8        EV: 10    Int: 14    God:
Gold:   85         SH:  0    Dex: 12    Spells: 6/8 levels left

rFire   . . .      SeeInvis .   a - +0 falchion
rCold   . . .      Faith    .   (no shield)
rNeg    . . .      Spirit   .   g - +0 ring mail
rPois   .          Reflect  .   m - +0 helmet
rElec   .          Harm     .   v - +0 cloak
rCorr   .          Rampage  .   (no gloves)
Will    .....                   (no boots)
Stlth   +.........              (no amulet)
HPRegen 0.14/turn               t - ring of flight
MPRegen 0.11/turn               (no ring)

@: flying
A: rugged brown scales 1, demonic magic 2
a: no special abilities


You were on level 4 of the Dungeon.
You visited 1 branch of the dungeon, and saw 4 of its levels.

You collected 167 gold pieces.
You spent 82 gold pieces at shops.

Inventory:

Hand Weapons
 a - a +0 falchion (weapon)
 b - a +0 hunting sling
Missiles
 d - 5 boomerangs of dispersal
 f - 28 sling bullets
 i - 3 boomerangs (quivered)
 r - 38 arrows
 A - 14 poisoned darts
 B - 122 stones
Armour
 g - a +0 ring mail (worn)
 h - a +0 leather armour
 m - a +0 helmet (worn)
 v - a +0 cloak (worn)
Jewellery
 t - a ring of flight (left hand)
Wands
 y - a wand of mindburst (17)
Scrolls
 c - 3 scrolls of blinking
 e - a scroll of amnesia {unknown}
 j - a scroll of identify {unknown}
 k - 2 scrolls of immolation {unknown}
 n - a scroll of enchant armour {unknown}
 o - 2 scrolls of teleportation {unknown}
 p - 3 scrolls of holy word {unknown}
 s - a scroll of brand weapon {unknown}
 z - a scroll of magic mapping
Potions
 l - a potion of brilliance
 q - 2 potions of curing {unknown}
 u - a potion of attraction {unknown}
 w - 2 potions of might
 x - 2 potions of mutation {unknown}


   Skills:
 * Level 3.7 Fighting
 * Level 3.3 Long Blades
 - Level 0.8 Throwing
 - Level 0.8 Armour
 - Level 1.7 Dodging
 + Level 2.0 Stealth
 - Level 2.0 Spellcasting
 - Level 2.6 Translocations


You had 6 spell levels left.
You knew the following spells:

 Your Spells              Type           Power      Damage    Failure   Level
k - Blink                 Tloc           16%        N/A       24%         2

Your spell library contained the following spells:

 Spells                   Type           Power      Damage    Failure   Level
 Gell's Gravitas          Tloc           8%         N/A       43%         3
 Lesser Beckoning         Tloc           8%         N/A       43%         3
 Teleport Other           Tloc           8%         N/A       43%         3
 Manifold Assault         Tloc           8%         N/A       99%         5


Dungeon Overview and Level Annotations

Branches:
Dungeon (4/15)
 Temple: D:4-7

Altars:
Qazlal
Wu Jian

Shops:
D:1 *

Annotations:
D:3 1 runed translucent door


Innate Abilities, Weirdness & Mutations

You are partially covered in rugged brown scales. (AC +1, +3% HP)
Spells you cast may paralyse nearby enemies.


Message History

Found 7 gold pieces.
The gnoll shouts!
You hear an angry hiss.
There is an open door here.
The gnoll shouts!
The gnoll throws a throwing net.
The throwing net hits you.
You become entangled in the net!
You see here a throwing net.
You struggle against the net.
The gnoll hits you from afar with a +1 halberd of protection!
A gnoll comes into view. It is wielding a +0 club.
You struggle against the net.
The gnoll shouts!
You hear an angry hiss.
The gnoll hits you from afar with a +1 halberd of protection!
You shred the net and break free! The gnoll barely misses you.
The gnoll hits you with a +1 halberd of protection.
Really attack while wielding your +0 hunting sling?
Okay, then.
a - a +0 falchion (weapon)
The gnoll closely misses you.
You hit the gnoll.
The gnoll is lightly wounded.
You hit the gnoll but do no damage. The gnoll barely misses you.
You hit the gnoll.
The gnoll is moderately wounded.
The gnoll hits you with a +0 whip.
The gnoll hits you from afar with a +1 halberd of protection.
You closely miss the gnoll.
The gnoll is moderately wounded.
The gnoll barely misses you. The gnoll closely misses you.
You closely miss the gnoll.
The gnoll is moderately wounded.
The gnoll hits you with a +0 whip.
* * * LOW HITPOINT WARNING * * *
The gnoll barely misses you. The gnoll hits you with a +0 whip.
* * * LOW HITPOINT WARNING * * *
There is a stone staircase leading up here.
The gnoll hits you from afar with a +1 halberd of protection!
* * * LOW HITPOINT WARNING * * *
The gnoll hits you with a +0 whip.
You die...

#####.##.##...####.####
......................#
......................#
......................#
#####................#
##.g⌠..............#
#######...#...g...###+###....#
#.....#...#..g..⌠......##....#
#####....#...#..@..........#.....
...##....#...#.....⌠.......#.....
.........#...#.............'.....
...##...##...##..⌠..###+#####...#
...##...##...###)..###....###...#
#####.........#.................)
...##.........#..................
..)...........#..................
..............#..................


You could see 3 gnolls.

Vanquished Creatures
  A hound (D:4)
  A jelly (D:4)
  4 gnolls
  An adder (D:4)
  A dart slug (D:1)
  5 bats
  4 giant cockroaches
  6 hobgoblins
  2 jackals (D:4)
  3 quokkas
  6 ball pythons
  4 frilled lizards
  6 goblins
  3 kobolds
  7 rats
54 creatures vanquished.

Vanquished Creatures (others)
  2 fungi (D:3)
2 creatures vanquished.

Grand Total: 56 creatures vanquished

Notes
Turn   | Place    | Note
-------+----------+-------------------------------------------
     0 | D:1      | porpoise the Demonspawn Warper began the quest for the Orb.
     0 | D:1      | Reached XP level 1. HP: 16/16 MP: 3/3
   407 | D:1      | Gained mutation: Spells you cast may paralyse adjacent
                  | enemies. [demonic ancestry]
   407 | D:1      | Reached XP level 2. HP: 23/23 MP: 5/5
   739 | D:1      | Found Elytym's General Store.
  1335 | D:2      | Learned a level 2 spell: Blink
  1487 | D:2      | Reached skill level 1 in Stealth
  1523 | D:2      | Gained mutation: You are partially covered in rugged brown
                  | scales. (AC +1, +3% HP) [demonic ancestry]
  1523 | D:2      | Reached XP level 3. HP: 23/28 MP: 6/6
  1623 | D:2      | Found a faded altar of an unknown god.
  2269 | D:3      | Gained mutation: Spells you cast may paralyse nearby
                  | enemies. [demonic ancestry]
  2269 | D:3      | Reached XP level 4. HP: 6/36 MP: 7/7
  2804 | D:3      | Found a stormy altar of Qazlal.
  3229 | D:3      | Found a runed translucent door.
  3286 | D:1      | Bought a scroll of magic mapping for 38 gold pieces
  3286 | D:1      | Bought a potion of might for 44 gold pieces
  3400 | D:4      | HP: 1/36 [acid (8)]
  3756 | D:4      | Reached XP level 5. HP: 28/43 MP: 8/8
  3996 | D:4      | Found an ornate altar of the Wu Jian Council.
  4338 | D:4      | HP: 1/43 [gnoll (8)]
  4338 | D:4      | Slain by a gnoll

Illustrated notes

Levels and vault maps discovered:
D:1:      dpeg_arrival_erosion, layout_basic, serial_shops, shop,
          item_on_display_a
D:2:      layout_loops_ring, shapermc_ecumenical_altar_pompeii
D:3:      layout_loops_cross, nicolae_qazlal_general_emergency,
          uniq_crazy_yiuf_cottage
D:4:      layout_gridville, amcnicky_altar_gilded, grunt_ministairs_9

Skill      XL: |  1  2  3  4 |
---------------+-------------+-----
Long Blades    | 2 3 |  3.3
Stealth        | 1 2 |  2.0
Fighting       | 3 |  3.7
Throwing       | |  0.8
Armour         | |  0.8
Dodging        | |  1.7
Spellcasting   | |  2.0
Translocations | |  2.6

Action                   |  1- 3 |  4- 6 || total
-------------------------+-------+-------++-------
Melee: Falchion          |   151 |   100 ||   251
       Punch             |     3 |       ||     3
Throw: Boomerang         |       |     1 ||     1
  Use: Potion            |       |     2 ||     2
 Stab: Sleeping          |     1 |       ||     1
Armor: Leather armour    |     4 |       ||     4
       Ring mail         |    60 |    31 ||    91
       Skin              |       |     1 ||     1
Dodge: Dodged            |    84 |    38 ||   122

Table legend: (Time is in decaauts)
 A = Elapsed time spent in this place.
 B = Non-inter-level travel time spent in this place.
 C = Inter-level travel time spent in this place.
 D = Time resting spent in this place.
 E = Time spent auto-exploring this place.
 F = Levels seen in this place.
 G = Mean time per level.
                   A        B        C        D        E       F      G
               +--------+--------+--------+--------+--------+-----+--------+
         Total |   4381 |   4093 |    288 |   1513 |   1908 |   4 | 1095.2 |
       Dungeon |   4381 |   4093 |    288 |   1513 |   1908 |   4 | 1095.2 |
               +--------+--------+--------+--------+--------+-----+--------+

Top non-repeatable levels by time:
     D:1: 1228 daAuts
     D:3: 1186 daAuts
     D:4: 1029 daAuts
     D:2: 937 daAuts
